Neld, lawful female human Valkyrie -- ------ ..| -- ---------.|..| ........| |..).).................- -..----.....---- --- .... |.....-- -##--- |......| --......| #......-- #.....-- --...-- --#-.-.------- --- |....)@G.%.......- |..<.###...---- --..#- ...| ---- ---# Neld the Skirmisher Experience level: 5 Strength: 18 Dexterity: 15 Constitution: 18 Intelligence: 8 Wisdom: 11 Charisma: 7 Health: 0(52) Energy: 15(15) Def: 8 Gold: 1010 Moves: 2751 Dungeon seed: pJGeXL_1rPzfuh9H Game ID: Neld_1591450827 Your Inventory: Coins $ - 1010 gold pieces Weapons a - a blessed thoroughly rusty +1 long sword (weapon in hand) b - an uncursed +0 dagger (in quiver) Armor e - a blessed +3 small shield (being worn) n - an uncursed +0 orcish helm (being worn) q - an uncursed +0 studded leather armor (being worn) Scrolls f - 2 uncursed scrolls of teleportation u - an uncursed scroll of scare monster w - an uncursed scroll of enchant weapon y - an uncursed scroll of identify Spellbooks A - an uncursed spellbook of detect treasure Potions g - a blessed potion of invisibility h - an uncursed potion of extra healing o - an uncursed potion of confusion r - an uncursed potion of healing z - an uncursed potion of levitation B - an uncursed potion of speed Rings m - an uncursed ring of conflict Wands k - an uncursed wand of light (0:13) Tools d - an uncursed oil lamp (0:1187) p - an uncursed skeleton key s - an uncursed lock pick t - 4 uncursed tallow candles (0:200) Spells and supernatural/magical abilities: Name Level Category Cost Memory W - pray for help -- divine ? -- Your skills at the end: Fighting Skills wands [Basic] Weapon Skills dagger [Basic] long sword [Basic] Spellcasting Skills Final Attributes: You were piously aligned. You were immune to cold. You were telepathic. You were stealthy. You were slow. You were lucky. Tyr was noncommittal. You are dead. Vanquished creatures: a leprechaun an imp a gnome lord a gnomish wizard a golden naga hatchling 4 giant ants 2 little dogs 2 floating eyes a dwarf a homunculus 4 rothes 2 rabid rats a wererat 2 iguanas 3 coyotes 9 manes 2 giant rats 7 gnomes 8 garter snakes a gnome zombie 5 geckos 3 jackals 3 kobolds 2 goblins 6 sewer rats a grid bug 2 lichens 7 newts 83 creatures vanquished. Voluntary challenges: You were an atheist. You used a wielded weapon 74 times, starting on turn 171. You were illiterate. You never genocided any monsters. You never polymorphed an object. You never changed form. You used no wishes. You never split a pudding. You never wrote Elbereth's name. You never violated your personal moral code. Dungeon overview: The Dungeons of Doom: levels 1 to 6 Level 1 some fountains, a vault a long staircase Level 2 an armor shop, some fountains Level 3 stairs to The Gnomish Mines Level 4 a general store, a vault Level 5 Level 6 a fountain The Gnomish Mines: Level 4 <- You were here stairs to The Dungeons of Doom History has recorded: On T:1 you entered the Dungeons of Doom to retrieve the Amulet of Yendor! On T:422 you reached level 2 of The Dungeons of Doom. On T:616 you reached level 3 of The Dungeons of Doom. On T:947 you reached level 1 of The Gnomish Mines. On T:962 you advanced to experience level 2. On T:974 you advanced to experience level 3. On T:1096 you reached level 4 of The Dungeons of Doom. On T:1492 you reached level 5 of The Dungeons of Doom. On T:1625 you advanced to experience level 4. On T:1852 you reached level 6 of The Dungeons of Doom. On T:2138 you advanced to experience level 5. Score breakdown: Gold: 1010 (10221 points) Experience: 5 levels (11141 points) Exploration: 6 levels ( 11.76%) ( 9486 points) Discoveries: 0 items ( 0.00%) ( 0 points) Valuables value: (no points given unless you survive) Artifact value: 0 ( 0 points) Variety of kills: 28 monsters ( 7.37%) ( 8143 points) Turncount: 2751 turns ( -471 points) Survival: died (score multiplied by 80%) Total score: 30816 Latest messages: This male gnome corpse tastes terrible! The gnome picks up a few items from the floor. You stop eating. You faint from lack of food. The gnome swings his bow at you. The gnome hits! The gnome swings his bow at you. The gnome hits! The gnome swings his bow at you. The gnome misses. The gnome swings his bow at you. The gnome hits! The gnome swings his bow at you. The gnome hits! The gnome swings his bow at you. The gnome hits! The gnome swings his bow at you. The gnome hits! The gnome swings his bow at you. The gnome hits! You die... For some reason, you think that you can almost hear the Wizard laugh manically... Final status: Farvel Neld the Valkyrie, killed by a gnome, while fainted from lack of food... You died in The Gnomish Mines on dungeon level 4 with 30816 points, and 1010 pieces of gold, after 2751 moves. You were level 5 with a maximum of 52 hit points when you died.